Wolves vs Bears

Created - Monday, November 10, 2014 at 22:40

Goals
1 2 3 T
Wolves 1 0 0 1
Bears 1 1 0 2
Shots
1 2 3 T
Wolves 11 11 15 37
Bears 9 14 5 28

1st period

1. Wolves , Jordan Schroeder 7 (Stephane Da Costa) at 10:27
2. Bears , Stefan Elliott 2 (Brad Mills, Kevin Henderson) at 19:38 (PP)

Penalties :
Shawn O'Donnell (Her) for Fighting (Major) at 2:00, Jared Boll (CHI) for Fighting (Major) at 2:00, Harry Young (Her) for Fighting (Major) at 2:29, Aaron Volpatti (CHI) for Fighting (Major) at 2:29, Tyler Brown (Her) for Holding (Minor) at 3:39, Chris Terry (CHI) for Hooking (Minor) at 6:18, Dane Byers (CHI) for Interference (Minor) at 19:19, Cedric Paquette (CHI) for Holding (Minor) at 19:53

2nd period

3. Bears , Stefan Elliott 3 (Brett Clark) at 8:53 (PP)

Penalties :
Shawn O'Donnell (Her) for Fighting (Major) at 6:55, Jared Boll (CHI) for Fighting (Major) at 6:55, Cedric Paquette (CHI) for Hooking (Minor) at 8:15, Patrice Cormier (Her) for Fighting (Major) at 9:39, Aaron Volpatti (CHI) for Fighting (Major) at 9:39, David Dziurzynski (Her) for Fighting (Major) at 14:24, Jared Boll (CHI) for Fighting (Major / Game Misconduct) at 14:24

3rd period

No Goal

Penalties :
Shawn O'Donnell (Her) for Slashing (Minor) at 5:48, Erick Lizon (Her) for Fighting (Major) at 8:18, Daniel Carcillo (CHI) for Fighting (Major) at 8:18, Daniel Carcillo (CHI) for instigated a fight (Minor) at 8:18, Daniel Carcillo (CHI) for instigated a fight (10 Minutes Misconduct) at 8:18, Patrice Cormier (Her) for Slashing (Minor) at 11:44

Goalie Stats

Scott Wedgewood (CHI), 26 saves from 28 shots - (0.929), L, 0-1-2, 59:45 minutes
John Gibson (Her), 36 saves from 37 shots - (0.973), W, 7-1-6, 60:00 minutes

Players Stats for Wolves

Player Name              G  A  P  +/- PIM S  H  SB GA TA FO     MP     PP MP  PK MP  
------------------------------------------------------------------------------------
Aaron Volpatti           0  0  0   0  10  3  1  0  2  0  0/2    19:23   2:31   3:18 
Ben Hanowski             0  0  0   0  0   1  1  1  3  2  0/2    12:01   0:44   1:11 
Cedric Paquette          0  0  0   0  4   3  2  0  1  0  10/17  18:51   3:11   0:00 
Chris Terry              0  0  0   1  2   1  2  0  0  0  3/13   25:27   2:46   3:12 
Christian Hanson         0  0  0   0  0   0  0  0  0  0  0/0     0:33   0:00   0:00 
Corbin McPherson         0  0  0   0  0   1  3  1  0  0  0/0    22:46   2:45   3:33 
Dane Byers               0  0  0   0  2   2  0  2  2  1  0/0     8:22   0:00   0:00 
Daniel Carcillo          0  0  0   0  17  8  2  0  4  0  0/1    15:43   2:15   1:01 
Jared Boll               0  0  0   0  25  1  2  0  0  0  0/0     7:03   0:00   1:01 
Jordan Schroeder         1  0  1   1  0   6  1  1  5  1  6/13   17:16   2:46   1:47 
Kent Huskins             0  0  0   1  0   2  0  0  0  0  0/0    24:59   3:12   3:21 
Landon Ferraro           0  0  0   0  0   1  0  1  0  0  4/8    16:02   0:00   1:49 
Mark Pysyk               0  0  0   1  0   3  3  1  2  2  0/0    24:59   3:12   3:21 
Michael Caruso           0  0  0   0  0   0  2  0  0  0  0/0    12:15   0:00   0:00 
Scott Glennie            0  0  0   0  0   0  1  0  1  2  2/2    20:25   3:38   0:00 
Stephane Da Costa        0  1  1   1  0   0  0  1  1  1  1/2    12:25   0:00   1:04 
Yann Sauve               0  0  0   0  0   2  1  1  0  0  0/0    12:15   0:00   0:00 
Yannick Weber            0  0  0   0  0   3  1  2  2  3  0/0    22:46   2:45   3:33 

Players Stats for Bears

Player Name              G  A  P  +/- PIM S  H  SB GA TA FO     MP     PP MP  PK MP  
------------------------------------------------------------------------------------
Ben Youds                0  0  0   0  0   3  0  0  0  0  0/0    12:58   0:00   0:00 
Brad Mills               0  1  1   0  0   3  5  0  7  0  0/0    19:00   3:42   0:54 
Brett Clark              0  1  1  -1  0   0  2  1  0  4  0/0    26:39   4:06   3:05 
Chris Bruton             0  0  0  -1  0   0  1  0  0  0  6/10   11:30   0:00   2:45 
David Dziurzynski        0  0  0   0  5   2  3  0  10 1  2/2    19:56   3:12   0:26 
Eric Neilson             0  0  0  -1  0   0  0  0  0  0  1/1    12:35   0:00   0:00 
Erick Lizon              0  0  0   0  5   0  2  0  1  0  0/1    15:55   2:17   0:00 
Farm Player15            0  0  0   0  0   0  0  0  0  0  0/1     5:23   0:00   2:09 
Harry Young              0  0  0   0  5   0  0  0  0  0  0/0     2:26   0:00   0:00 
Kevin Henderson          0  1  1   0  0   2  1  0  0  0  1/2    18:32   3:42   0:26 
Mark Cundari             0  0  0   0  0   4  1  0  1  0  0/0    13:53   0:00   0:00 
Mark Flood               0  0  0   0  0   3  0  0  0  0  0/0    20:23   2:48   2:52 
Matt Taormina            0  0  0   0  0   3  3  2  1  2  0/0    20:23   2:48   2:52 
Maxime Macenauer         0  0  0   0  0   0  1  0  0  0  4/8    13:56   0:00   0:00 
Patrice Cormier          0  0  0   0  7   3  2  1  4  1  10/18  22:42   3:42   2:53 
Shawn O'Donnell          0  0  0  -1  12  1  0  1  2  2  0/0    13:56   0:55   0:00 
Stefan Elliott           2  0  2  -1  0   4  0  1  0  4  0/0    23:17   4:06   3:05 
Tyler Brown              0  0  0   0  2   0  0  0  0  1  10/17  20:30   3:12   2:21 

3 Stars

1 - John Gibson (Her)
2 - Stefan Elliott (Her)
3 - Jordan Schroeder (CHI)

Power Play

Wolves - 0 on 3 Attempt(s) - 0.00%
Bears - 2 on 5 Attempt(s) - 40.00%

Penalty Kill

Wolves - 3 on 5 Attempt(s) - 60.00% - Score 0 goal in Penalty Kill
Bears - 3 on 3 Attempt(s) - 100.00% - Score 0 goal in Penalty Kill

Official

Referees : Unknown
Linesman : Unknown

Game Notes

Shawn O'Donnell and Jared Boll fight to a draw at 2:00 of 1st period
Aaron Volpatti beats up Harry Young at 2:29 of 1st period
Jared Boll beats up Shawn O'Donnell at 6:55 of 2nd period
Patrice Cormier beats up Aaron Volpatti at 9:39 of 2nd period
David Dziurzynski and Jared Boll fight to a draw at 14:24 of 2nd period
Jared Boll ejected from game at 14:24 of 2nd period
Daniel Carcillo beats up Erick Lizon at 8:18 of 3rd period

Finance

Level 1 -- Attendance: 1466 (73.30%) -- Ticket Income $51,310
Level 2 -- Attendance: 793 (79.30%) -- Ticket Income $11,895
Total Attendance: 2259 (75.30%)
Total Ticket Income: $63,205
Other Income: $30,970
Total Income: $94,175

Wolves

5 vs 5 Forward 
   Center                   Left Wing                Right Wing               Time % Phy DF OF 
 1 Jordan Schroeder         Chris Terry              Stephane Da Costa        35     1   2  2  
 2 Cedric Paquette          Daniel Carcillo          Jared Boll               30     1   2  2  
 3 Landon Ferraro           Aaron Volpatti           Scott Glennie            22     1   2  2  
 4 Chris Terry              Dane Byers               Ben Hanowski             13     1   2  2  

5 vs 5 Defense 
   Defense                  Defense                                           Time % Phy DF OF 
 1 Mark Pysyk               Kent Huskins                                      35     1   2  2  
 2 Yannick Weber            Corbin McPherson                                  30     1   2  2  
 3 Yann Sauve               Michael Caruso                                    22     1   2  2  
 4 Mark Pysyk               Kent Huskins                                      13     1   2  2  

PowerPlay Forward 
   Center                   Left Wing                Right Wing               Time % Phy DF OF 
 1 Jordan Schroeder         Chris Terry              Aaron Volpatti           60     1   2  2  
 2 Cedric Paquette          Scott Glennie            Jared Boll               40     1   2  2  

PowerPlay Defense
   Defense                  Defense                                           Time % Phy DF OF 
 1 Mark Pysyk               Kent Huskins                                      60     1   2  2  
 2 Yannick Weber            Corbin McPherson                                  40     1   2  2  

Penalty Kill 4 Players Forward 
   Center                   Wing                     Time % Phy DF OF 
 1 Chris Terry              Aaron Volpatti           60     1   2  2  
 2 Jared Boll               Jordan Schroeder         40     1   2  2  

Penalty Kill 4 Players Defense
   Defense                  Defense                  Time % Phy DF OF 
 1 Mark Pysyk               Kent Huskins             60     1   2  2  
 2 Yannick Weber            Corbin McPherson         40     1   2  2  

Penalty Kill - 3 Players Forward 
   Forward                                           Time % Phy DF OF 
 1 Chris Terry                                       60     1   2  2  
 2 Jared Boll                                        40     1   2  2  

Penalty Kill - 3 Players Defense
   Defense                  Defense                  Time % Phy DF OF 
 1 Mark Pysyk               Kent Huskins             60     1   2  2  
 2 Yannick Weber            Corbin McPherson         40     1   2  2  

4 vs 4 Forward 
   Center                   Wing                     Time % Phy DF OF 
 1 Chris Terry              Scott Glennie            60     1   2  2  
 2 Jared Boll               Jordan Schroeder         40     1   2  2  

4 vs 4 Defense
   Defense                  Defense                  Time % Phy DF OF 
 1 Mark Pysyk               Kent Huskins             60     1   2  2  
 2 Yannick Weber            Corbin McPherson         40     1   2  2  

Last Minutes Offensive
   Center                   Left Wing                Right Wing               Defense                  Defense                  
   Jordan Schroeder         Chris Terry              Jared Boll               Mark Pysyk               Kent Huskins             

Last Minutes Defensive
   Center                   Left Wing                Right Wing               Defense                  Defense                  
   Jordan Schroeder         Chris Terry              Jared Boll               Mark Pysyk               Kent Huskins             

Goaltenders
Starting : Scott Wedgewood          
Backup : Peter Mannino            

Extra Forwards
Normal : Aaron Volpatti, Scott Glennie, Landon Ferraro - PP : Aaron Volpatti, Scott Glennie - PK : Landon Ferraro
Extra Defensemen
Normal : Yann Sauve, Michael Caruso, Yannick Weber - PP : Yann Sauve - PK : Michael Caruso, Yannick Weber
Penalty Shots
Chris Terry, Landon Ferraro, Jared Boll, Jordan Schroeder, Aaron Volpatti

Bears

5 vs 5 Forward 
   Center                   Left Wing                Right Wing               Time % Phy DF OF 
 1 Patrice Cormier          Kevin Henderson          Brad Mills               35     1   2  2  
 2 Maxime Macenauer         David Dziurzynski        Erick Lizon              30     1   2  2  
 3 Tyler Brown              Shawn O'Donnell          Eric Neilson             22     1   2  2  
 4 Chris Bruton             Patrice Cormier          David Dziurzynski        13     1   2  2  

5 vs 5 Defense 
   Defense                  Defense                                           Time % Phy DF OF 
 1 Brett Clark              Stefan Elliott                                    35     1   2  2  
 2 Mark Flood               Matt Taormina                                     30     1   2  2  
 3 Mark Cundari             Ben Youds                                         22     1   2  2  
 4 Harry Young              Brett Clark                                       13     1   2  2  

PowerPlay Forward 
   Center                   Left Wing                Right Wing               Time % Phy DF OF 
 1 Patrice Cormier          Kevin Henderson          Brad Mills               60     1   2  2  
 2 Tyler Brown              David Dziurzynski        Erick Lizon              40     1   2  2  

PowerPlay Defense
   Defense                  Defense                                           Time % Phy DF OF 
 1 Brett Clark              Stefan Elliott                                    60     1   2  2  
 2 Mark Flood               Matt Taormina                                     40     1   2  2  

Penalty Kill 4 Players Forward 
   Center                   Wing                     Time % Phy DF OF 
 1 Patrice Cormier          Tyler Brown              60     1   2  2  
 2 Kevin Henderson          David Dziurzynski        40     1   2  2  

Penalty Kill 4 Players Defense
   Defense                  Defense                  Time % Phy DF OF 
 1 Brett Clark              Stefan Elliott           60     1   2  2  
 2 Mark Flood               Matt Taormina            40     1   2  2  

Penalty Kill - 3 Players Forward 
   Forward                                           Time % Phy DF OF 
 1 Patrice Cormier                                   60     1   2  2  
 2 Kevin Henderson                                   40     1   2  2  

Penalty Kill - 3 Players Defense
   Defense                  Defense                  Time % Phy DF OF 
 1 Brett Clark              Stefan Elliott           60     1   2  2  
 2 Mark Flood               Matt Taormina            40     1   2  2  

4 vs 4 Forward 
   Center                   Wing                     Time % Phy DF OF 
 1 Patrice Cormier          Brad Mills               60     1   2  2  
 2 Kevin Henderson          David Dziurzynski        40     1   2  2  

4 vs 4 Defense
   Defense                  Defense                  Time % Phy DF OF 
 1 Brett Clark              Stefan Elliott           60     1   2  2  
 2 Mark Flood               Matt Taormina            40     1   2  2  

Last Minutes Offensive
   Center                   Left Wing                Right Wing               Defense                  Defense                  
   Patrice Cormier          Kevin Henderson          Brad Mills               Brett Clark              Stefan Elliott           

Last Minutes Defensive
   Center                   Left Wing                Right Wing               Defense                  Defense                  
   Patrice Cormier          Kevin Henderson          Brad Mills               Brett Clark              Stefan Elliott           

Goaltenders
Starting : John Gibson              
Backup : Cristopher Nilstorp      

Extra Forwards
Normal : Tyler Brown, Shawn O'Donnell, Chris Bruton - PP : Tyler Brown, Shawn O'Donnell - PK : Chris Bruton
Extra Defensemen
Normal : Mark Cundari, Ben Youds, Harry Young - PP : Mark Cundari - PK : Ben Youds, Harry Young
Penalty Shots
Patrice Cormier, Shawn O'Donnell, Kevin Henderson, David Dziurzynski, Tyler Brown

% Time on Ice - Wolves

Lines # - Real PCT - Wanted PCT - Time Play
Normal Forward
1 - 22% - 35% - 10:17
2 - 42% - 30% - 19:47
3 - 21% - 22% - 9:39
4 - 15% - 13% - 7:06
Normal Defense
1 - 33% - 35% - 15:16
2 - 35% - 30% - 16:28
3 - 26% - 22% - 12:15
4 - 6% - 13% - 2:50
PP Forward
1 - 46% - 60% - 2:46
2 - 54% - 40% - 3:11
PP Defense
1 - 54% - 60% - 3:12
2 - 46% - 40% - 2:45
PK Forward
1 - 74% - 60% - 5:07
2 - 26% - 40% - 1:47
PK Defense
1 - 49% - 60% - 3:21
2 - 51% - 40% - 3:33
PK3 Forward
1 - 0% - 60%
2 - 0% - 40%
PK3 Defense
1 - 0% - 60%
2 - 0% - 40%
44 Forward
1 - 0% - 60%
2 - 0% - 40%
44 Defense
1 - 0% - 60%
2 - 0% - 40%
Last Minute Offensive  - 0:20
Last Minute Defensive  - 0:00
Total
Forward - 60:00
Defense - 60:00

% Time on Ice - Bears

Lines # - Real PCT - Wanted PCT - Time Play
Normal Forward
1 - 32% - 35% - 14:43
2 - 31% - 30% - 14:20
3 - 27% - 22% - 12:35
4 - 10% - 13% - 4:35
Normal Defense
1 - 34% - 35% - 15:29
2 - 31% - 30% - 14:24
3 - 28% - 22% - 12:58
4 - 7% - 13% - 3:22
PP Forward
1 - 54% - 60% - 3:42
2 - 46% - 40% - 3:12
PP Defense
1 - 59% - 60% - 4:06
2 - 41% - 40% - 2:48
PK Forward
1 - 93% - 60% - 5:31
2 - 7% - 40% - 0:26
PK Defense
1 - 52% - 60% - 3:05
2 - 48% - 40% - 2:52
PK3 Forward
1 - 0% - 60%
2 - 0% - 40%
PK3 Defense
1 - 0% - 60%
2 - 0% - 40%
44 Forward
1 - 0% - 60%
2 - 0% - 40%
44 Defense
1 - 0% - 60%
2 - 0% - 40%
Last Minute Offensive  - 0:00
Last Minute Defensive  - 0:56
Total
Forward - 60:00
Defense - 60:00

Play by Play

1st period


0:01 of 1st period - Jordan Schroeder wins face-off versus Patrice Cormier in neutral zone.
0:28 of 1st period - Snap shot by Jordan Schroeder.
0:28 of 1st period - Deflect By Brett Clark.
0:28 of 1st period - Stopped by John Gibson with a rebound.
0:30 of 1st period - Wrist shot by Jordan Schroeder.
0:30 of 1st period - Stopped by John Gibson with a rebound.
0:32 of 1st period - Slapshot by Kent Huskins.
0:32 of 1st period - Stopped by John Gibson with a rebound.
1:02 of 1st period - Snap shot by Daniel Carcillo.
1:02 of 1st period - Stopped by John Gibson without a rebound.
1:03 of 1st period - Maxime Macenauer wins face-off versus Landon Ferraro in Bears zone.
1:26 of 1st period - Wrist shot by Aaron Volpatti.
1:26 of 1st period - Shot Misses the Net.
1:56 of 1st period - Yann Sauve is hit by Matt Taormina and loses puck.
2:00 of 1st period - Shawn O'Donnell and Jared Boll fight to a draw.
2:00 of 1st period - Penalty to Shawn O'Donnell for Fighting.
2:00 of 1st period - Penalty to Jared Boll for Fighting.
2:01 of 1st period - Tyler Brown wins face-off versus Chris Terry in Wolves zone.
2:02 of 1st period - Slapshot by Mark Cundari.
2:02 of 1st period - Shot Misses the Net.
2:06 of 1st period - Snap shot by Tyler Brown.
2:06 of 1st period - Shot Misses the Net.
2:08 of 1st period - Snap shot by Tyler Brown.
2:08 of 1st period - Shot Blocked by Dane Byers.
2:10 of 1st period - Snap shot by Tyler Brown.
2:10 of 1st period - Deflect By Kent Huskins.
2:10 of 1st period - Shot Blocked by Dane Byers.
2:10 of 1st period - Puck is out of play.
2:11 of 1st period - Tyler Brown wins face-off versus Chris Terry in Wolves zone.
2:22 of 1st period - Slapshot by Mark Cundari.
2:22 of 1st period - Deflect By Eric Neilson.
2:22 of 1st period - Shot Misses the Net.
2:22 of 1st period - Puck is out of play.
2:23 of 1st period - Cedric Paquette wins face-off versus Chris Bruton in Wolves zone.
2:29 of 1st period - Aaron Volpatti beats up Harry Young.
2:29 of 1st period - Penalty to Harry Young for Fighting.
2:29 of 1st period - Penalty to Aaron Volpatti for Fighting.
2:30 of 1st period - Chris Bruton wins face-off versus Jordan Schroeder in Wolves zone.
2:42 of 1st period - Wrist shot by Chris Bruton.
2:42 of 1st period - Shot Misses the Net.
2:44 of 1st period - Slapshot by David Dziurzynski.
2:44 of 1st period - Stopped by Scott Wedgewood with a rebound.
2:46 of 1st period - Slapshot by Brett Clark.
2:46 of 1st period - Shot Misses the Net.
3:23 of 1st period - Brett Clark is hit by Cedric Paquette and loses puck.
3:32 of 1st period - Snap shot by Tyler Brown.
3:32 of 1st period - Shot Misses the Net.
3:39 of 1st period - Minor Penalty to Tyler Brown for Holding.
3:40 of 1st period - Jordan Schroeder wins face-off versus Patrice Cormier in Bears zone.
4:17 of 1st period - Wrist shot by Daniel Carcillo.
4:17 of 1st period - Stopped by John Gibson without a rebound.
4:18 of 1st period - Cedric Paquette wins face-off versus Farm Player15 in Bears zone.
4:25 of 1st period - Slapshot by Yannick Weber.
4:25 of 1st period - Stopped by John Gibson with a rebound.
4:27 of 1st period - Snap shot by Cedric Paquette.
4:27 of 1st period - Stopped by John Gibson with a rebound.
4:29 of 1st period - Slapshot by Corbin McPherson.
4:29 of 1st period - Shot Blocked by Matt Taormina.
4:31 of 1st period - Slapshot by Yannick Weber.
4:31 of 1st period - Deflect By Daniel Carcillo.
4:31 of 1st period - Shot Blocked by Matt Taormina.
4:31 of 1st period - Puck is out of play.
4:32 of 1st period - Patrice Cormier wins face-off versus Jordan Schroeder in Bears zone.
4:32 of 1st period - Patrice Cormier is hit by Daniel Carcillo.
5:08 of 1st period - Corbin McPherson is hit by Patrice Cormier and loses puck.
5:31 of 1st period - Mark Flood is hit by Mark Pysyk and loses puck.
5:36 of 1st period - Snap shot by Mark Pysyk.
5:36 of 1st period - Stopped by John Gibson with a rebound.
5:39 of 1st period - Penalty to Tyler Brown is over, Tyler Brown is back on ice.
6:18 of 1st period - Minor Penalty to Chris Terry for Hooking.
6:19 of 1st period - Landon Ferraro wins face-off versus Tyler Brown in Wolves zone.
6:28 of 1st period - Slapshot by Stefan Elliott.
6:28 of 1st period - Shot Blocked by Landon Ferraro.
6:30 of 1st period - Snap shot by Stefan Elliott.
6:30 of 1st period - Shot Blocked by Yannick Weber.
6:32 of 1st period - Snap shot by Erick Lizon.
6:32 of 1st period - Shot Misses the Net.
6:34 of 1st period - Slapshot by Stefan Elliott.
6:34 of 1st period - Stopped by Scott Wedgewood without a rebound.
6:35 of 1st period - Tyler Brown wins face-off versus Landon Ferraro in Wolves zone.
7:00 of 1st period - Penalty to Jared Boll is over, Jared Boll is back on ice.
7:29 of 1st period - Penalty to Aaron Volpatti is over, Aaron Volpatti is back on ice.
7:30 of 1st period - Snap shot by Stephane Da Costa.
7:30 of 1st period - Shot Misses the Net.
8:02 of 1st period - Snap shot by Matt Taormina.
8:02 of 1st period - Deflect By Jordan Schroeder.
8:02 of 1st period - Stopped by Scott Wedgewood with a rebound.
8:04 of 1st period - Snap shot by Kevin Henderson.
8:04 of 1st period - Stopped by Scott Wedgewood with a rebound.
8:18 of 1st period - Penalty to Chris Terry is over, Chris Terry is back on ice.
8:43 of 1st period - Snap shot by Shawn O'Donnell.
8:43 of 1st period - Shot Misses the Net.
8:45 of 1st period - Snap shot by Mark Cundari.
8:45 of 1st period - Stopped by Scott Wedgewood without a rebound.
8:46 of 1st period - Tyler Brown wins face-off versus Chris Terry in Wolves zone.
9:29 of 1st period - Daniel Carcillo is hit by Mark Cundari and loses puck.
9:49 of 1st period - David Dziurzynski is hit by Corbin McPherson and loses puck.
10:19 of 1st period - Off-side.
10:20 of 1st period - Jordan Schroeder wins face-off versus Chris Bruton in neutral zone.
10:25 of 1st period - Slapshot by Stephane Da Costa.
10:25 of 1st period - Shot Blocked by Shawn O'Donnell.
10:27 of 1st period - Snap shot by Jordan Schroeder.
10:27 of 1st period - Goal by Jordan Schroeder - Wolves : 1 - Bears : 0.
10:28 of 1st period - Patrice Cormier wins face-off versus Jordan Schroeder in neutral zone.
10:31 of 1st period - Mark Pysyk is hit by Brad Mills and loses puck.
10:53 of 1st period - Stephane Da Costa is hit by Patrice Cormier and loses puck.
11:23 of 1st period - Shawn O'Donnell is hit by Mark Pysyk and loses puck.
11:50 of 1st period - Wrist shot by Daniel Carcillo.
11:50 of 1st period - Stopped by John Gibson without a rebound.
11:51 of 1st period - Maxime Macenauer wins face-off versus Cedric Paquette in Bears zone.
11:51 of 1st period - Maxime Macenauer is hit by Jared Boll.
12:36 of 1st period - Yannick Weber is hit by Brad Mills and loses puck.
13:22 of 1st period - Shawn O'Donnell is hit by Aaron Volpatti and loses puck.
13:53 of 1st period - Snap shot by David Dziurzynski.
13:53 of 1st period - Stopped by Scott Wedgewood with a rebound.
13:55 of 1st period - Slapshot by Ben Youds.
13:55 of 1st period - Deflect By David Dziurzynski.
13:55 of 1st period - Shot Misses the Net.
13:55 of 1st period - Puck is out of play.
13:56 of 1st period - Maxime Macenauer wins face-off versus Cedric Paquette in Wolves zone.
14:36 of 1st period - Slapshot by Ben Youds.
14:36 of 1st period - Stopped by Scott Wedgewood without a rebound.
14:37 of 1st period - Stephane Da Costa wins face-off versus Tyler Brown in Wolves zone.
15:54 of 1st period - Icing by Mark Flood.
15:55 of 1st period - Tyler Brown wins face-off versus Chris Terry in Bears zone.
16:14 of 1st period - Yann Sauve is hit by Matt Taormina and loses puck.
16:25 of 1st period - Mark Flood is hit by Chris Terry and loses puck.
16:44 of 1st period - Snap shot by Jared Boll.
16:44 of 1st period - Shot Misses the Net.
16:46 of 1st period - Snap shot by Daniel Carcillo.
16:46 of 1st period - Stopped by John Gibson without a rebound.
16:47 of 1st period - Cedric Paquette wins face-off versus Patrice Cormier in Bears zone.
17:06 of 1st period - Slapshot by Brad Mills.
17:06 of 1st period - Stopped by Scott Wedgewood with a rebound.
17:50 of 1st period - Yannick Weber is hit by Brett Clark and loses puck.
18:19 of 1st period - Snap shot by Brett Clark.
18:19 of 1st period - Shot Blocked by Corbin McPherson.
18:21 of 1st period - Slapshot by Brett Clark.
18:21 of 1st period - Deflect By David Dziurzynski.
18:21 of 1st period - Shot Misses the Net.
18:21 of 1st period - Puck is out of play.
18:22 of 1st period - Cedric Paquette wins face-off versus Maxime Macenauer in Wolves zone.
19:19 of 1st period - Minor Penalty to Dane Byers for Interference.
19:20 of 1st period - Chris Terry wins face-off versus Patrice Cormier in Wolves zone.
19:29 of 1st period - Mark Pysyk is hit by Brad Mills and loses puck.
19:38 of 1st period - Slapshot by Stefan Elliott.
19:38 of 1st period - Goal by Stefan Elliott - Wolves : 1 - Bears : 1.
19:39 of 1st period - Cedric Paquette wins face-off versus Tyler Brown in neutral zone.
19:53 of 1st period - Minor Penalty to Cedric Paquette for Holding.
19:54 of 1st period - Patrice Cormier wins face-off versus Chris Terry in Wolves zone.
Goals for this period are 1 for Wolves vs 1 for Bears.
Shots for this period are 11 for Wolves vs 9 for Bears.

2nd period


0:01 of 2nd period - Patrice Cormier wins face-off versus Chris Terry in neutral zone.
0:06 of 2nd period - Snap shot by Aaron Volpatti.
0:06 of 2nd period - Shot Misses the Net.
1:16 of 2nd period - Slapshot by Matt Taormina.
1:16 of 2nd period - Stopped by Scott Wedgewood with a rebound.
1:37 of 2nd period - Kent Huskins is hit by Brad Mills and loses puck.
1:52 of 2nd period - Brett Clark is hit by Jared Boll and loses puck.
1:53 of 2nd period - Penalty to Cedric Paquette is over, Cedric Paquette is back on ice.
2:42 of 2nd period - Wrist shot by Ben Hanowski.
2:42 of 2nd period - Deflect By Dane Byers.
2:42 of 2nd period - Stopped by John Gibson with a rebound.
2:54 of 2nd period - Yannick Weber is hit by Brad Mills and loses puck.
2:59 of 2nd period - Slapshot by Patrice Cormier.
2:59 of 2nd period - Stopped by Scott Wedgewood with a rebound.
3:45 of 2nd period - Snap shot by Daniel Carcillo.
3:45 of 2nd period - Stopped by John Gibson without a rebound.
3:46 of 2nd period - Cedric Paquette wins face-off versus Erick Lizon in Bears zone.
3:47 of 2nd period - Wrist shot by Jared Boll.
3:47 of 2nd period - Stopped by John Gibson without a rebound.
3:48 of 2nd period - Maxime Macenauer wins face-off versus Cedric Paquette in Bears zone.
3:48 of 2nd period - Maxime Macenauer is hit by Cedric Paquette.
4:34 of 2nd period - Slapshot by Mark Flood.
4:34 of 2nd period - Stopped by Scott Wedgewood with a rebound.
4:36 of 2nd period - Snap shot by Kevin Henderson.
4:36 of 2nd period - Shot Misses the Net.
4:38 of 2nd period - Wrist shot by Matt Taormina.
4:38 of 2nd period - Stopped by Scott Wedgewood with a rebound.
4:40 of 2nd period - Wrist shot by Kevin Henderson.
4:40 of 2nd period - Stopped by Scott Wedgewood with a rebound.
4:42 of 2nd period - Slapshot by Mark Cundari.
4:42 of 2nd period - Stopped by Scott Wedgewood with a rebound.
4:58 of 2nd period - Slapshot by Mark Cundari.
4:58 of 2nd period - Stopped by Scott Wedgewood with a rebound.
5:00 of 2nd period - Snap shot by Erick Lizon.
5:00 of 2nd period - Deflect By Stephane Da Costa.
5:00 of 2nd period - Shot Blocked by Stephane Da Costa.
5:00 of 2nd period - Puck is out of play.
5:01 of 2nd period - Landon Ferraro wins face-off versus Maxime Macenauer in Wolves zone.
5:01 of 2nd period - Landon Ferraro is hit by Erick Lizon.
5:07 of 2nd period - Wrist shot by Yannick Weber.
5:07 of 2nd period - Shot Misses the Net.
5:55 of 2nd period - Stefan Elliott is hit by Chris Terry and loses puck.
6:08 of 2nd period - Tyler Brown is hit by Corbin McPherson and loses puck.
6:55 of 2nd period - Jared Boll beats up Shawn O'Donnell.
6:55 of 2nd period - Penalty to Shawn O'Donnell for Fighting.
6:55 of 2nd period - Penalty to Jared Boll for Fighting.
6:56 of 2nd period - Tyler Brown wins face-off versus Cedric Paquette in Bears zone.
8:00 of 2nd period - Snap shot by Patrice Cormier.
8:00 of 2nd period - Shot Blocked by Mark Pysyk.
8:15 of 2nd period - Minor Penalty to Cedric Paquette for Hooking.
8:16 of 2nd period - Patrice Cormier wins face-off versus Chris Terry in Wolves zone.
8:51 of 2nd period - Slapshot by Stefan Elliott.
8:51 of 2nd period - Shot Blocked by Jordan Schroeder.
8:53 of 2nd period - Snap shot by Stefan Elliott.
8:53 of 2nd period - Goal by Stefan Elliott - Wolves : 1 - Bears : 2.
8:54 of 2nd period - David Dziurzynski wins face-off versus Cedric Paquette in neutral zone.
9:03 of 2nd period - Slapshot by Mark Flood.
9:03 of 2nd period - Stopped by Scott Wedgewood without a rebound.
9:04 of 2nd period - Cedric Paquette wins face-off versus Maxime Macenauer in Wolves zone.
9:23 of 2nd period - Slapshot by Aaron Volpatti.
9:23 of 2nd period - Deflect By Mark Flood.
9:23 of 2nd period - Stopped by John Gibson with a rebound.
9:31 of 2nd period - Mark Pysyk is hit by David Dziurzynski and loses puck.
9:39 of 2nd period - Patrice Cormier beats up Aaron Volpatti.
9:39 of 2nd period - Penalty to Patrice Cormier for Fighting.
9:39 of 2nd period - Penalty to Aaron Volpatti for Fighting.
9:40 of 2nd period - Tyler Brown wins face-off versus Jordan Schroeder in neutral zone.
9:59 of 2nd period - Snap shot by Brad Mills.
9:59 of 2nd period - Stopped by Scott Wedgewood with a rebound.
10:01 of 2nd period - Slapshot by Stefan Elliott.
10:01 of 2nd period - Deflect By Brad Mills.
10:01 of 2nd period - Shot Misses the Net.
10:01 of 2nd period - Puck is out of play.
10:02 of 2nd period - Scott Glennie wins face-off versus Chris Bruton in Wolves zone.
10:09 of 2nd period - Cedric Paquette is hit by David Dziurzynski and loses puck.
10:34 of 2nd period - Snap shot by Cedric Paquette.
10:34 of 2nd period - Stopped by John Gibson with a rebound.
10:40 of 2nd period - Daniel Carcillo is hit by Matt Taormina and loses puck.
11:01 of 2nd period - Wrist shot by Brad Mills.
11:01 of 2nd period - Shot Misses the Net.
11:59 of 2nd period - Backhand shot by Jordan Schroeder.
11:59 of 2nd period - Shot Misses the Net.
12:26 of 2nd period - Snap shot by Mark Cundari.
12:26 of 2nd period - Stopped by Scott Wedgewood with a rebound.
12:28 of 2nd period - Snap shot by Ben Youds.
12:28 of 2nd period - Stopped by Scott Wedgewood without a rebound.
12:29 of 2nd period - Tyler Brown wins face-off versus Landon Ferraro in Wolves zone.
13:26 of 2nd period - Wrist shot by Jordan Schroeder.
13:26 of 2nd period - Deflect By Stephane Da Costa.
13:26 of 2nd period - Shot Misses the Net.
13:26 of 2nd period - Puck is out of play.
13:27 of 2nd period - Chris Bruton wins face-off versus Jordan Schroeder in Bears zone.
13:27 of 2nd period - Chris Bruton is hit by Yann Sauve.
14:06 of 2nd period - Farm Player15 is hit by Ben Hanowski and loses puck.
14:24 of 2nd period - David Dziurzynski and Jared Boll fight to a draw.
14:24 of 2nd period - Penalty to David Dziurzynski for Fighting.
14:24 of 2nd period - Penalty to Jared Boll for Fighting.
14:24 of 2nd period - Jared Boll is ejected from game.
14:25 of 2nd period - Landon Ferraro wins face-off versus Tyler Brown in Bears zone.
14:26 of 2nd period - Backhand shot by Mark Pysyk.
14:26 of 2nd period - Deflect By Landon Ferraro.
14:26 of 2nd period - Stopped by John Gibson without a rebound.
14:27 of 2nd period - Landon Ferraro wins face-off versus Tyler Brown in Bears zone.
14:52 of 2nd period - Slapshot by Stefan Elliott.
14:52 of 2nd period - Deflect By Brad Mills.
14:52 of 2nd period - Stopped by Scott Wedgewood without a rebound.
14:53 of 2nd period - Cedric Paquette wins face-off versus Tyler Brown in Wolves zone.
15:00 of 2nd period - Slapshot by Yannick Weber.
15:00 of 2nd period - Stopped by John Gibson without a rebound.
15:01 of 2nd period - Cedric Paquette wins face-off versus Tyler Brown in Bears zone.
15:18 of 2nd period - Slapshot by Yannick Weber.
15:18 of 2nd period - Shot Misses the Net.
15:24 of 2nd period - Slapshot by Daniel Carcillo.
15:24 of 2nd period - Stopped by John Gibson without a rebound.
15:25 of 2nd period - Kevin Henderson wins face-off versus Landon Ferraro in Bears zone.
15:28 of 2nd period - Wrist shot by Aaron Volpatti.
15:28 of 2nd period - Stopped by John Gibson without a rebound.
15:29 of 2nd period - Scott Glennie wins face-off versus Patrice Cormier in Bears zone.
17:07 of 2nd period - Mark Flood is hit by Daniel Carcillo and loses puck.
17:56 of 2nd period - Ben Youds is hit by Michael Caruso and loses puck.
18:03 of 2nd period - Wrist shot by Ben Hanowski.
18:03 of 2nd period - Stopped by John Gibson with a rebound.
18:05 of 2nd period - Slapshot by Yann Sauve.
18:05 of 2nd period - Shot Misses the Net.
18:07 of 2nd period - Wrist shot by Dane Byers.
18:07 of 2nd period - Stopped by John Gibson with a rebound.
18:36 of 2nd period - Snap shot by Shawn O'Donnell.
18:36 of 2nd period - Stopped by Scott Wedgewood with a rebound.
18:38 of 2nd period - Slapshot by Brett Clark.
18:38 of 2nd period - Shot Misses the Net.
18:40 of 2nd period - Slapshot by Stefan Elliott.
18:40 of 2nd period - Shot Blocked by Yann Sauve.
18:42 of 2nd period - Wrist shot by Stefan Elliott.
18:42 of 2nd period - Shot Misses the Net.
19:48 of 2nd period - Corbin McPherson is hit by Maxime Macenauer and loses puck.
19:59 of 2nd period - Matt Taormina is hit by Corbin McPherson.
Goals for this period are 0 for Wolves vs 1 for Bears.
Shots for this period are 11 for Wolves vs 14 for Bears.

3rd period


0:01 of 3rd period - Jordan Schroeder wins face-off versus Patrice Cormier in neutral zone.
0:09 of 3rd period - Off-side.
0:10 of 3rd period - Patrice Cormier wins face-off versus Jordan Schroeder in neutral zone.
0:18 of 3rd period - Off-side.
0:19 of 3rd period - Patrice Cormier wins face-off versus Jordan Schroeder in neutral zone.
1:11 of 3rd period - Kent Huskins is hit by Erick Lizon and loses puck.
1:18 of 3rd period - Corbin McPherson is hit by David Dziurzynski and loses puck.
1:30 of 3rd period - Snap shot by Michael Caruso.
1:30 of 3rd period - Shot Blocked by Brett Clark.
1:32 of 3rd period - Slapshot by Yann Sauve.
1:32 of 3rd period - Stopped by John Gibson without a rebound.
1:33 of 3rd period - Eric Neilson wins face-off versus Chris Terry in Bears zone.
1:38 of 3rd period - Slapshot by Mark Flood.
1:38 of 3rd period - Stopped by Scott Wedgewood with a rebound.
1:40 of 3rd period - Snap shot by Matt Taormina.
1:40 of 3rd period - Deflect By Tyler Brown.
1:40 of 3rd period - Shot Blocked by Ben Hanowski.
1:40 of 3rd period - Puck is out of play.
1:41 of 3rd period - Tyler Brown wins face-off versus Chris Terry in Wolves zone.
1:53 of 3rd period - Icing by Dane Byers.
1:54 of 3rd period - Chris Terry wins face-off versus Kevin Henderson in Wolves zone.
1:54 of 3rd period - Chris Terry is hit by Kevin Henderson.
2:38 of 3rd period - Icing by Dane Byers.
2:39 of 3rd period - Chris Terry wins face-off versus Maxime Macenauer in Wolves zone.
2:58 of 3rd period - Slapshot by Stefan Elliott.
2:58 of 3rd period - Stopped by Scott Wedgewood with a rebound.
4:01 of 3rd period - Ben Youds is hit by Mark Pysyk and loses puck.
4:06 of 3rd period - Wrist shot by Daniel Carcillo.
4:06 of 3rd period - Stopped by John Gibson with a rebound.
4:12 of 3rd period - Snap shot by Daniel Carcillo.
4:12 of 3rd period - Shot Misses the Net.
4:14 of 3rd period - Snap shot by Yann Sauve.
4:14 of 3rd period - Stopped by John Gibson without a rebound.
4:15 of 3rd period - Cedric Paquette wins face-off versus Patrice Cormier in Bears zone.
4:16 of 3rd period - Wrist shot by Daniel Carcillo.
4:16 of 3rd period - Stopped by John Gibson with a rebound.
4:36 of 3rd period - Wrist shot by Patrice Cormier.
4:36 of 3rd period - Stopped by Scott Wedgewood without a rebound.
4:37 of 3rd period - Chris Bruton wins face-off versus Daniel Carcillo in Wolves zone.
4:46 of 3rd period - Snap shot by Daniel Carcillo.
4:46 of 3rd period - Deflect By Aaron Volpatti.
4:46 of 3rd period - Shot Misses the Net.
4:46 of 3rd period - Puck is out of play.
4:47 of 3rd period - Chris Bruton wins face-off versus Stephane Da Costa in Bears zone.
4:58 of 3rd period - David Dziurzynski is hit by Jordan Schroeder and loses puck.
5:48 of 3rd period - Minor Penalty to Shawn O'Donnell for Slashing.
5:49 of 3rd period - Patrice Cormier wins face-off versus Aaron Volpatti in Bears zone.
5:53 of 3rd period - Snap shot by Matt Taormina.
5:53 of 3rd period - Deflect By Patrice Cormier.
5:53 of 3rd period - Shot Misses the Net.
5:53 of 3rd period - Puck is out of play.
5:54 of 3rd period - Patrice Cormier wins face-off versus Cedric Paquette in Wolves zone.
6:55 of 3rd period - Wrist shot by Jordan Schroeder.
6:55 of 3rd period - Shot Blocked by Patrice Cormier.
7:01 of 3rd period - Snap shot by Jordan Schroeder.
7:01 of 3rd period - Stopped by John Gibson with a rebound.
7:23 of 3rd period - Snap shot by Yannick Weber.
7:23 of 3rd period - Shot Blocked by Stefan Elliott.
7:48 of 3rd period - Penalty to Shawn O'Donnell is over, Shawn O'Donnell is back on ice.
7:59 of 3rd period - Mark Pysyk is hit by Chris Bruton.
8:18 of 3rd period - Daniel Carcillo beats up Erick Lizon.
8:18 of 3rd period - Penalty to Erick Lizon for Fighting.
8:18 of 3rd period - Penalty to Daniel Carcillo for Fighting.
8:18 of 3rd period - Penalty to Daniel Carcillo for instigated a fight.
8:18 of 3rd period - Penalty to Daniel Carcillo for instigated a fight.
8:19 of 3rd period - Patrice Cormier wins face-off versus Chris Terry in Bears zone.
8:24 of 3rd period - Slapshot by Matt Taormina.
8:24 of 3rd period - Shot Blocked by Yannick Weber.
8:42 of 3rd period - Wrist shot by Aaron Volpatti.
8:42 of 3rd period - Shot Misses the Net.
8:44 of 3rd period - Snap shot by Corbin McPherson.
8:44 of 3rd period - Deflect By Chris Terry.
8:44 of 3rd period - Stopped by John Gibson with a rebound.
8:46 of 3rd period - Backhand shot by Yannick Weber.
8:46 of 3rd period - Shot Misses the Net.
9:19 of 3rd period - Snap shot by Tyler Brown.
9:19 of 3rd period - Shot Misses the Net.
9:27 of 3rd period - Slapshot by Brett Clark.
9:27 of 3rd period - Shot Misses the Net.
9:29 of 3rd period - Wrist shot by Stefan Elliott.
9:29 of 3rd period - Shot Misses the Net.
10:03 of 3rd period - Brett Clark is hit by Yannick Weber and loses puck.
10:18 of 3rd period - Penalty to Daniel Carcillo is over, Landon Ferraro is send on ice.
10:30 of 3rd period - Off-side.
10:31 of 3rd period - David Dziurzynski wins face-off versus Ben Hanowski in neutral zone.
10:46 of 3rd period - Mark Cundari is hit by Scott Glennie and loses puck.
11:07 of 3rd period - Snap shot by Shawn O'Donnell.
11:07 of 3rd period - Deflect By Eric Neilson.
11:07 of 3rd period - Shot Misses the Net.
11:07 of 3rd period - Puck is out of play.
11:08 of 3rd period - Tyler Brown wins face-off versus Cedric Paquette in Wolves zone.
11:44 of 3rd period - Minor Penalty to Patrice Cormier for Slashing.
11:45 of 3rd period - Jordan Schroeder wins face-off versus Chris Bruton in Bears zone.
11:45 of 3rd period - Slapshot by Mark Pysyk.
11:45 of 3rd period - Stopped by John Gibson with a rebound.
11:47 of 3rd period - Snap shot by Chris Terry.
11:47 of 3rd period - Shot Misses the Net.
12:19 of 3rd period - Snap shot by Mark Pysyk.
12:19 of 3rd period - Deflect By Stefan Elliott.
12:19 of 3rd period - Stopped by John Gibson with a rebound.
12:21 of 3rd period - Wrist shot by Kent Huskins.
12:21 of 3rd period - Stopped by John Gibson with a rebound.
12:25 of 3rd period - Snap shot by Aaron Volpatti.
12:25 of 3rd period - Stopped by John Gibson with a rebound.
12:57 of 3rd period - Yannick Weber is hit by Brett Clark and loses puck.
13:04 of 3rd period - Slapshot by Corbin McPherson.
13:04 of 3rd period - Stopped by John Gibson without a rebound.
13:05 of 3rd period - Chris Bruton wins face-off versus Aaron Volpatti in Bears zone.
13:18 of 3rd period - Penalty to Erick Lizon is over, Erick Lizon is back on ice.
13:44 of 3rd period - Penalty to Patrice Cormier is over, Patrice Cormier is back on ice.
14:13 of 3rd period - Icing by Matt Taormina.
14:14 of 3rd period - Chris Bruton wins face-off versus Ben Hanowski in Bears zone.
14:14 of 3rd period - Chris Bruton is hit by Michael Caruso.
15:28 of 3rd period - Wrist shot by Yannick Weber.
15:28 of 3rd period - Stopped by John Gibson with a rebound.
15:30 of 3rd period - Slapshot by Yannick Weber.
15:30 of 3rd period - Deflect By Cedric Paquette.
15:30 of 3rd period - Stopped by John Gibson with a rebound.
15:58 of 3rd period - Backhand shot by Shawn O'Donnell.
15:58 of 3rd period - Shot Misses the Net.
16:16 of 3rd period - Slapshot by Jordan Schroeder.
16:16 of 3rd period - Stopped by John Gibson with a rebound.
16:38 of 3rd period - Wrist shot by Stephane Da Costa.
16:38 of 3rd period - Shot Misses the Net.
16:40 of 3rd period - Snap shot by Jordan Schroeder.
16:40 of 3rd period - Stopped by John Gibson with a rebound.
16:58 of 3rd period - Wrist shot by Dane Byers.
16:58 of 3rd period - Shot Misses the Net.
17:00 of 3rd period - Slapshot by Kent Huskins.
17:00 of 3rd period - Shot Misses the Net.
17:53 of 3rd period - Slapshot by Mark Cundari.
17:53 of 3rd period - Shot Misses the Net.
17:55 of 3rd period - Slapshot by Ben Youds.
17:55 of 3rd period - Stopped by Scott Wedgewood with a rebound.
17:57 of 3rd period - Snap shot by Tyler Brown.
17:57 of 3rd period - Shot Misses the Net.
19:39 of 3rd period - Wrist shot by Patrice Cormier.
19:39 of 3rd period - Stopped by Scott Wedgewood without a rebound.
19:40 of 3rd period - Doug Houda call a timeout for Wolves.
19:40 of 3rd period - Jordan Schroeder wins face-off versus Patrice Cormier in Wolves zone.
19:45 of 3rd period - Wolves, Scott Wedgewood is pulled from the net.
Goals for this period are 0 for Wolves vs 0 for Bears.
Shots for this period are 15 for Wolves vs 5 for Bears.


Output by the SimonT Hockey Simulator (STHS) for Eric Dolegowski -- Original Page W3C XHTML 1.0 Valid
Hockey Simulator - Hockey Simulation - Hockey Manager